 Dungeon Crawl Stone Soup version 0.31-a0-876-gfe8ebadbca (webtiles) character file.

Game seed: 11272738239291294947

74 Flugkiller the Ducker (level 4, -1/39 HPs)
             Began as a Deep Elf Gladiator on Oct 13, 2023.
             Killed by divine providence
             ... invoked by an orc priest
              (12 damage)
             ... on level 2 of the Dungeon.
             The game lasted 00:02:38 (1929 turns).

Flugkiller the Ducker (Deep Elf Gladiator)          Turns: 1929, Time: 00:02:39

Health: -1/39      AC: 22    Str:  9 (11) XL:     4   Next: 10%
Magic:  6/6        EV:  2    Int: 10 (13) God:
Gold:   101        SH:  4    Dex: 16 (18) Spells: 3/3 levels left

rFire   . . .        (no weapon)
rCold   . . .        m - +0 buckler
rNeg    . . .        p - melded +0 ring mail
rPois   +            c - melded +0 helmet
rElec   .            (cloak currently unavailable)
rCorr   .            r - melded +0 pair of gloves
SInv    .            (boots currently unavailable)
Will    .....        (no amulet)
Stlth   +            (no ring)
HPRegen 0.26/turn    (no ring)
MPRegen 0.10/turn

%: no passive effects
@: tree-form, attractive
A: stationary, stasis, torment immunity, boosted hp
a: no special abilities


You were on level 2 of the Dungeon.
You were a tree.
You visited 1 branch of the dungeon, and saw 2 of its levels.

You collected 101 gold pieces.

Inventory:

Hand Weapons
 a - a +0 long sword
Missiles
 d - 3 throwing nets (quivered)
 e - a javelin
 o - 3 poisoned darts
Armour
 b - a +0 leather armour
 c - a +0 helmet (melded)
 m - a +0 buckler (worn)
   (You found it on level 1 of the Dungeon)
 p - a +0 ring mail (melded)
   (You took it off a hobgoblin on level 2 of the Dungeon)
 r - a +0 pair of gloves (melded)
   (You found it on level 2 of the Dungeon)
Jewellery
 i - a ring of fire
   (You found it on level 1 of the Dungeon)
Scrolls
 l - a scroll of immolation {unknown}
 n - a scroll of poison
 q - a scroll of noise {unknown}
Potions
 h - a potion of enlightenment {unknown}
 j - a potion of ambrosia {unknown}
 k - a potion of attraction


   Skills:
 + Level 2.1 Fighting
 - Level 4.0 Long Blades
 - Level 2.0 Throwing
 + Level 4.1 Dodging


You had 3 spell levels left.
You didn't know any spells.
Your spell library was empty.

Dungeon Overview and Level Annotations

Branches:
Dungeon (2/15) Zot: 9992

Altars:


Message History

No target in view!
There is an open door here.
A rat comes into view.
The rat misses you.
You barely miss the rat. The rat barely misses you. The rat bites you.
You slash the rat!
You kill the rat!
No target in view!
A hobgoblin comes into view.
The hobgoblin shouts!
You block the hobgoblin's attack.
You hit the hobgoblin.
You kill the hobgoblin!
No target in view!
No target in view!
You see here a hobgoblin corpse.
No target in view!
There is an open door here.
An orc comes into view. It is wielding a +0 short sword.
The orc shouts!
There is an open door here.
You open the door. You closely miss the orc. You block the orc's attack.
You slash the orc!
You kill the orc!
No target in view!
There is an open door here.
Things that are here:
a +0 short sword; a +0 leather armour; an orc corpse An orc wizard comes into view.
It is wielding a +0 short sword.
There is an open door here.
Things that are here:
a +0 short sword; a +0 leather armour; an orc corpse
There is an open door here.
An orc priest comes into view. It is wielding a +0 whip.
The orc wizard points at you and mumbles some strange words.
The puff of flame misses you.
The orc wizard hits you but does no damage.
There is an open door here.
The orc priest looks braver for a moment.
You block the orc wizard's attack.
It was a potion of attraction.
You feel attractive to monsters. The orc wizard misses you.
It was a potion of degeneration.
There was something very wrong with that liquid.
You feel weakened.
You feel dopey.
You feel clumsy.
The orc wizard points at you and mumbles some strange words.
The puff of flame hits you!
It was a potion of lignification.
You turn into a tree.
Your +0 helmet melds into your body.
Your +0 pair of gloves melds into your body.
Your +0 ring mail melds into your body.
Your roots penetrate the ground.
The orc wizard barely misses you.
Unknown command.
You hit the orc wizard.
The orc wizard is moderately wounded.
The orc wizard hits you but does no damage.
You closely miss the orc wizard.
The orc wizard is moderately wounded.
You block the orc wizard's attack.
The orc priest casts a cantrip, but nothing happens.
You closely miss the orc wizard.
The orc wizard is moderately wounded.
The orc wizard hits you but does no damage.
You are now empty-handed.
The orc wizard hits you but does no damage.
You block the orc priest's attack.
You hit the orc priest.
The orc priest is lightly wounded.
You block the orc wizard's attack. You block the orc priest's attack.
You hit the orc priest but do no damage.
The orc priest is lightly wounded.
The orc wizard casts a spell at you.
The puff of flame hits you but does no damage.
The orc priest hits you with a +0 whip.
You completely miss the orc priest.
The orc priest is lightly wounded.
The orc wizard hits you but does no damage.
The orc priest hits you but does no damage.
You barely miss the orc priest.
The orc priest is lightly wounded.
The orc wizard hits you with a +0 short sword.
The orc priest hits you but does no damage.
You hit the orc priest.
The orc priest is heavily wounded.
The orc wizard gestures at you while chanting.
The magic dart hits you but does no damage.
The orc priest mumbles some strange prayers to Beogh against you.
Beogh smites you!
You completely miss the orc priest.
The orc priest is heavily wounded.
The orc wizard barely misses you. The orc priest hits you with a +0 whip.
* * * LOW HITPOINT WARNING * * *
You barely miss the orc priest.
The orc priest is heavily wounded.
The orc wizard hits you but does no damage.
The orc priest calls down the wrath of Beogh upon you.
Beogh smites you!
You die...

#.# ####.......#.#.# ### #.#
##...######.#.#.# #.#
#....)...o......# ######.#
#....######.#.#######
#......#
#....######...#......
##.#####
#....'....>o.<......# #.#
#....##########.###.# #.#
#..oo#........#.# #.# #.#
#.##♣#.######.#.# #.# #.#
#...#.##.#.# #.#.# #.# #.#
#...#.##.#.# #.#.# #.# #.#
#...#.##.#.# #.#.# #.# #.#
#...#.##.#.# #.#.# ..# #.#
#...#.##.#.######'#'##### #.#
#...#.##.#.#............> #.#
#...#....#)#.............
#.###...##.....#.........####


You could see an orc priest and an orc wizard.

Vanquished Creatures
  2 worms (D:2)
  An orc (D:2)
  3 ball pythons
  7 endoplasms
  2 giant cockroaches (D:1)
  9 goblins
  9 hobgoblins
  7 jackals
  4 kobolds (D:1)
  A quokka (D:2)
  8 bats
  A frilled lizard (D:1)
  3 rats
57 creatures vanquished.

Notes
Turn   | Place    | Note
-------+----------+-------------------------------------------
     0 | D:1      | Flugkiller the Deep Elf Gladiator began the quest for the
                  | Orb.
     0 | D:1      | Reached XP level 1. HP: 12/12 MP: 3/3
   126 | D:1      | Reached XP level 2. HP: 14/16 MP: 4/4
   575 | D:1      | Reached XP level 3. HP: 20/20 MP: 5/5
  1767 | D:2      | Reached XP level 4. HP: 26/26 MP: 6/6
  1929 | D:2      | Killed from afar by an orc priest

Illustrated notes

Levels and vault maps discovered:
D:1:      dpeg_arrival_morbid_curiosity, layout_loops_cross, serial_rivers,
          chequers_serial_rivers_micro_c, chequers_serial_rivers_small_b,
          chequers_serial_rivers_micro_a, chequers_serial_rivers_small_a,
          chequers_serial_rivers_marsh, chequers_serial_rivers_large_b
D:2:      layout_basic

Skill      XL: |  1  2  3 |
---------------+----------+-----
Long Blades    | 3 4 |  4.0
Fighting       | 2 |  2.1
Dodging        | 4 |  4.1
Throwing       | |  2.0

Action                     |  1- 3 |  4- 6 || total
---------------------------+-------+-------++-------
  Melee: Long sword        |   166 |     9 ||   175
         Unarmed           |       |     7 ||     7
    Use: Scroll            |     1 |       ||     1
         Potion            |       |     3 ||     3
   Stab: Sleeping          |     1 |       ||     1
 Armour: Leather armour    |    85 |       ||    85
         Ring mail         |    18 |     3 ||    21
         Skin              |       |    12 ||    12
  Dodge: Dodged            |   149 |     6 ||   155
  Block: Buckler           |    20 |     7 ||    27

Table legend: (Time is in decaauts)
 A = Elapsed time spent in this place.
 B = Non-inter-level travel time spent in this place.
 C = Inter-level travel time spent in this place.
 D = Time resting spent in this place.
 E = Time spent auto-exploring this place.
 F = Levels seen in this place.
 G = Mean time per level.
                   A        B        C        D        E       F      G
               +--------+--------+--------+--------+--------+-----+--------+
         Total |   2006 |   1970 |     36 |    261 |   1117 |   2 | 1003.0 |
       Dungeon |   2006 |   1970 |     36 |    261 |   1117 |   2 | 1003.0 |
               +--------+--------+--------+--------+--------+-----+--------+

Top non-repeatable levels by time:
     D:1: 1205 daAuts
     D:2: 801 daAuts
